 Dungeon Crawl Stone Soup version 0.28.0-45-g0d030f2227 (webtiles) character file.

Game seed: 12590989061617412456

6 zeratav the Insei (level 1, 0/13 HPs)
             Began as an Octopode Transmuter on Apr 11, 2022.
             Slain by a jackal (3 damage)
             ... on level 1 of the Dungeon.
             The game lasted 00:00:20 (185 turns).

zeratav the Insei (Octopode Transmuter)              Turns: 185, Time: 00:00:21

Health: 0/13       AC:  1    Str:  9    XL:     1   Next: 90%
Magic:  3/3        EV: 13    Int: 15    God:
Gold:   0          SH:  0    Dex: 12    Spells: 3/4 levels left

rFire   . . .      SeeInvis .     - Unarmed
rCold   . . .      Faith    .   (no shield)
rNeg    . . .      Spirit   .   (helmet currently unavailable)
rPois   .          Reflect  .   (no amulet)
rElec   .          Harm     .   (no ring)
rCorr   .          Rampage  .   (no ring)
Will    .....                   (no ring)
Stlth   ++........              (no ring)
HPRegen 0.04/turn               (no ring)
MPRegen 0.08/turn               (no ring)
                                (no ring)
                                (no ring)

@: appendages (expiring)
A: tentacle spike 3, almost no armour, amphibious, 8 rings, camouflage 1,
gelatinous body 1, (nimble swimmer 1), tentacles
a: End Transformation


You were on level 1 of the Dungeon.
One of your tentacles had grown a beastly spike.
You visited 1 branch of the dungeon, and saw 1 of its levels.


Innate Abilities, Weirdness & Mutations

One of your tentacles has grown a beastly spike.
You cannot wear most types of armour.
You are amphibious.
You can wear up to eight rings at the same time.
Your skin changes colour to match your surroundings (Stealth+).
Your rubbery body absorbs attacks. (AC +1, EV +1)
((You are camouflaged when in or above water. (Stealth+)))
You have tentacles for arms and can constrict up to eight enemies at once.


   Skills:
 + Level 1.1 Fighting
 + Level 2.1 Dodging
 + Level 0.7 Stealth
 * Level 3.1 Unarmed Combat
 - Level 2.0 Spellcasting
 - Level 2.0 Transmutations


You had 3 spell levels left.
You knew the following spells:

 Your Spells              Type           Power      Damage    Failure   Level
a - Beastly Appendage     Tmut           14%        N/A       10%         1

Your spell library contained the following spells:

 Spells                   Type           Power      Damage    Failure   Level
 Wereblood                Tmut           7%         N/A       14%         2
 Spider Form              Tmut/Pois      4%         N/A       41%         3
 Ice Form                 Ice/Tmut       4%         N/A       82%         4

Inventory:

Potions
 a - 2 potions of heal wounds {unknown}
 b - a potion of brilliance {unknown}
 c - 2 potions of degeneration {unknown}

Dungeon Overview and Level Annotations

Branches:
Dungeon (1/15)

Altars:

#################
#...........@h..#
#.#############........
#.# ......... #####.#
.......... ......# #
....####### ####### .#
..[..# ########.#
......# .........#.#
####.... .........#.#.#


You could see a jackal.


Message History

A ball python is nearby!
One of your tentacles grows a vicious spike.
MP[-1]
You lost 1 mp, and now have 2/3 mp.
The ball python hisses angrily.
Your transformation is almost over.
The ball python bites you. The ball python closely misses you.
HP[-1]
You take 1 damage, and now have 12/13 hp.
You tentacle-slap the ball python.
You kill the ball python!
No target in view!
No target in view!
No target in view!
No target in view!
No target in view!
No target in view!
No target in view!
No target in view!
No target in view!
No target in view!
No target in view!
No target in view!
No target in view!
No target in view!
No target in view!
No target in view!
Your tentacle spike disappears.
c - 2 fuming brown potions HP[+1] MP[+1]
Your hp is fully restored (13).
Your mp is fully restored (3).
A jackal comes into view.
The jackal barks!
A jackal comes into view.
One of your tentacles grows a vicious spike.
The jackal barks!
A jackal comes into view.
MP[-1]
You lost 1 mp, and now have 2/3 mp.
The jackal barks!
A jackal comes into view.
You tentacle-slap the jackal but do no damage.
Your grab misses the jackal.
Your tentacle spike misses the jackal.
The jackal barely misses you.
You tentacle-slap the jackal. You grab the jackal.
You constrict the jackal, but do no damage.
The jackal bites you.
HP[-2]
You take 2 damage, and now have 11/13 hp.
You tentacle-slap the jackal.
You kill the jackal!
The jackal completely misses you. x2
You closely miss the jackal. Your grab misses the jackal.
You pierce the jackal.
The jackal bites you. The jackal misses you. The jackal bites you.
HP[-3]
You take 3 damage, and now have 8/13 hp.
MASSIVE DAMAGE!! (PAUSE)
You barely miss the jackal. Your grab misses the jackal.
Your tentacle spike misses the jackal.
The jackal bites you.
HP[-1]
You take 1 damage, and now have 7/13 hp.
You closely miss the jackal. Your grab misses the jackal.
Your tentacle spike misses the jackal.
Your squeeze misses the jackal. The jackal misses you. The jackal bites you.
* * * LOW HITPOINT WARNING * * *
The jackal barely misses you. x2
HP[-2]
You take 2 damage, and now have 5/13 hp.
You are too injured to fight recklessly!
You barely miss the jackal. Your grab misses the jackal.
Your transformation is almost over.
The jackal barely misses you. The jackal closely misses you.
The jackal barely misses you.
The jackal bites you but does no damage.
The jackal bites you.
* * * LOW HITPOINT WARNING * * *
HP[-1]
You take 1 damage, and now have 4/13 hp.
You closely miss the jackal. You grab the jackal. You squeeze the jackal.
You kill the jackal!
The jackal bites you.
* * * LOW HITPOINT WARNING * * *
The jackal closely misses you.
HP[-1]
You take 1 damage, and now have 3/13 hp.
The jackal closely misses you. x2; The jackal misses you.
MP[+1]
Your mp is fully restored (3).
You tentacle-slap the jackal.
You kill the jackal!
The jackal closely misses you.
You tentacle-slap the jackal but do no damage.
You grab the jackal.
You pierce the jackal.
You constrict the jackal, but do no damage.
The jackal closely misses you.
You tentacle-slap the jackal but do no damage.
You constrict the jackal, but do no damage.
The jackal bites you.
You die...

Action                   || total
-------------------------++-------
Melee: Unarmed           ||    16
       Constrict         ||     3
       Kick              ||     2
       Tentacles         ||     2
 Cast: Beastly Appendage ||     3
Armor: Skin              ||     1
Dodge: Dodged            ||    22

Levels and vault maps discovered:
D:1:      dpeg_arrival_rooms_with_view, layout_basic

Notes
Turn   | Place    | Note
-------+----------+-------------------------------------------
     0 | D:1      | zeratav the Octopode Transmuter began the quest for the
                  | Orb.
     0 | D:1      | Reached XP level 1. HP: 13/13 MP: 3/3
     0 | D:1      | magus.rc [v1.9.6]
   179 | D:1      | HP: 3/13 [jackal (1)]
   185 | D:1      | Slain by a jackal

Vanquished Creatures
  3 jackals (D:1)
  2 ball pythons (D:1)
  A kobold (D:1)
6 creatures vanquished.

Table legend:
 A = Non-vault XP
 B = Vault XP
 C = Vault XP percentage of total XP
 D = Non-vault monster count
 E = Vault monster count
 F = Vault count percentage of total count
                 A         B        C        D         E       F
            +---------+---------+-------+---------+---------+-------
      Total |       9 |       0 |   0.0 |       6 |       0 |   0.0
            +---------+---------+-------+---------+---------+-------
        D:1 |       9 |       0 |   0.0 |       6 |       0 |   0.0
            +---------+---------+-------+---------+---------+-------

Illustrated notes

Table legend:
 A = Kills in this place as a percentage of kills in entire the game.
 B = Kills by you in this place as a percentage of kills by you in the entire game.
 C = Kills by friends in this place as a percentage of kills by friends in the entire game.
 D = Other kills in this place as a percentage of other kills in the entire game.
 E = Experience gained in this place as a percentage of experience gained in the entire game.
 F = Experience gained in this place divided by the number of levels of this place that you have seen.
                   A       B       C       D       E      F
               +-------+-------+-------+-------+-------+----------------------
         Total | 100.0 | 100.0 |   N/A |   N/A | 100.0 |   9.0
       Dungeon | 100.0 | 100.0 |   N/A |   N/A | 100.0 |   9.0
               +-------+-------+-------+-------+-------+----------------------

Table legend: (Time is in decaauts)
 A = Elapsed time spent in this place.
 B = Non-inter-level travel time spent in this place.
 C = Inter-level travel time spent in this place.
 D = Time resting spent in this place.
 E = Time spent auto-exploring this place.
 F = Levels seen in this place.
 G = Mean time per level.
                   A        B        C        D        E       F      G
               +--------+--------+--------+--------+--------+-----+--------+
         Total |    184 |    184 |      0 |      0 |    144 |   1 |  184.0 |
       Dungeon |    184 |    184 |      0 |      0 |    144 |   1 |  184.0 |
               +--------+--------+--------+--------+--------+-----+--------+

Top non-repeatable levels by time:
     D:1: 184 daAuts
